 Dungeon Crawl Stone Soup version 0.30.1-4-g462c640d31 (webtiles) character file.

Game seed: 11702384306912138642

8 Gorgoleon the Scratcher (level 2, -1/12 HPs)
             Began as a Felid Transmuter on Aug 14, 2023.
             Slain by a jackal (2 damage)
             ... on level 1 of the Dungeon.
             The game lasted 00:01:35 (150 turns).

Gorgoleon the Scratcher (Felid Transmuter)           Turns: 150, Time: 00:01:35

Health: -1/12      AC:  1    Str:  6    XL:     2   Next: 0%
Magic:  4/6        EV: 17    Int: 14    God:
Gold:   12         SH:  0    Dex: 16    Spells: 4/5 levels left
                                        Lives:  0   Deaths: 0

rFire   . .          .
                       - Unarmed
rCold   . . .        (shield unavailable)
rNeg    . . .        (body armour unavailable)
rPois   .            (helmet unavailable)
rElec   .            (cloak unavailable)
rCorr   .            (gloves unavailable)
SInv    +            (boots unavailable)
Will    .....        (no amulet)
Stlth   +            (no ring)
HPRegen 0.22/turn    (no ring)
MPRegen 0.10/turn

%: no passive effects
@: appendages, quick
A: horns 2, very small, claws 1, fangs 3, see invisible, speed 1, shaggy fur 1,
stealthy paws, no weapons or thrown items, no armour, multi-lived
a: End Transformation


You were on level 1 of the Dungeon.
You had temporarily grown beastly horns.
You visited 1 branch of the dungeon, and saw 1 of its levels.

You collected 12 gold pieces.

Inventory:

Scrolls
 b - a scroll of magic mapping {unknown}
 c - a scroll of enchant armour {unknown}
Potions
 a - a potion of lignification


   Skills:
 - Level 1.0 Fighting
 - Level 3.0 Dodging
 + Level 3.3 Unarmed Combat
 - Level 2.0 Spellcasting
 * Level 2.4 Transmutations


You had 4 spell levels left.
You knew the following spells:

 Your Spells              Type           Power      Damage    Failure   Level
a - Beastly Appendage     Tmut           16%        N/A       9%          1

Your spell library contained the following spells:

 Spells                   Type           Power      Damage    Failure   Level
 Wereblood                Tmut           8%         N/A       13%         2
 Spider Form              Tmut/Pois      4%         N/A       41%         3
 Ice Form                 Ice/Tmut       4%         N/A       82%         4


Dungeon Overview and Level Annotations

Branches:
Dungeon (1/15)

Altars:


Innate Abilities, Weirdness & Mutations

You have temporarily grown beastly horns.
You have sharp claws.
You have razor-sharp teeth.
You have supernaturally acute eyesight. (SInv)
You cover ground quickly. (Speed+)
You are covered in fur. (AC +1)
Your paws help you pounce on unaware monsters.
You are incapable of wielding weapons or throwing items.
You cannot wear armour.
You gain extra lives every three experience levels.


Message History

A ball python comes into view.
The ball python moves out of view.
A jackal comes into view.
There is an open door here.
Casting: Beastly Appendage (safe; 9% risk of failure)
Confirm with . or Enter, or press ? or * to list all spells.
You grow a pair of large bovine horns.
The jackal barks!
You scratch the jackal but do no damage.
The jackal misses you.
You scratch the jackal.
You headbutt the jackal, but do no damage.
The jackal is heavily wounded.
The jackal misses you. The jackal bites you.
You closely miss the jackal. Your headbutt misses the jackal.
You bite the jackal.
The jackal is almost dead.
The jackal completely misses you. The jackal bites you.
You scratch the jackal but do no damage.
You headbutt the jackal.
You kill the jackal!
The jackal bites you.
You scratch the ball python.
The ball python is heavily wounded.
The jackal closely misses you.
The ball python bites you but does no damage.
The ball python grabs you. The ball python constricts you.
You scratch the ball python.
You kill the ball python!
The jackal barely misses you. The jackal bites you.
* * * LOW HITPOINT WARNING * * *
Training target 3.0 for Dodging reached!
Your Dodging skill increases to level 3!
You have reached level 2!
You closely miss the jackal. The jackal bites you.
* * * LOW HITPOINT WARNING * * *
You closely miss the jackal. The jackal misses you.
You barely miss the jackal. Your bite misses the jackal.
The jackal barely misses you. The jackal bites you.
You die...

.......#####.#.###..#
...........[.#......#
...####..##..#......#
#............#......#
#.#########.........#
#.# #.......>.....#
................#
..........##....#
.......[..##@####
............†h.#
.....................
.....................
..#######.........
..........
..(........
...........
............


You could see a jackal.

Vanquished Creatures
  A dart slug (D:1)
  An endoplasm (D:1)
  A jackal (D:1)
  2 ball pythons (D:1)
  A kobold (D:1)
6 creatures vanquished.

Notes
Turn   | Place    | Note
-------+----------+-------------------------------------------
     0 | D:1      | Gorgoleon the Felid Transmuter began the quest for the Orb.
     0 | D:1      | Reached XP level 1. HP: 9/9 MP: 4/4
   148 | D:1      | Reached XP level 2. HP: 3/12 MP: 4/6
   150 | D:1      | Slain by a jackal

Illustrated notes

Levels and vault maps discovered:
D:1:      minmay_arrival_jagged, layout_basic

Skill      XL: |  1 |
---------------+----+-----
Dodging        | 3 |  3.0
Fighting       | |  1.0
Unarmed Combat | |  3.3
Spellcasting   | |  2.0
Transmutations | |  2.4

Action                     || total
---------------------------++-------
  Melee: Unarmed           ||    14
         Headbutt          ||     3
         Bite              ||     1
   Cast: Beastly Appendage ||     5
 Armour: Skin              ||     1
  Dodge: Dodged            ||    13
